 Dungeon Crawl Stone Soup version 0.29-a0-998-g1987434951 (webtiles) character file.

Game seed: 551573191104465768

392 vurker the Insei (level 6, 0/32 HPs)
             Began as a Vine Stalker Enchanter on Aug 5, 2022.
             Constricted to death by Natasha (2 damage)
             ... on level 3 of the Dungeon.
             The game lasted 00:05:03 (3498 turns).

vurker the Insei (Vine Stalker Enchanter)           Turns: 3498, Time: 00:05:03

Health: 0/32       AC:  6    Str: 12    XL:     6   Next: 80%
Magic:  0/19       EV:  6    Int: 15    God:
Gold:   177        SH:  0    Dex: 15    Spells: 9/9 levels left

rFire   . . .      SeeInvis .   a - +1 dagger
rCold   . . .      Faith    .   (no shield)
rNeg    . . .      Spirit   +   h - +0 scale mail
rPois   .          Reflect  .   (no helmet)
rElec   .          Harm     .   (no cloak)
rCorr   .          Rampage  .   (no gloves)
Will    .....                   (no boots)
Stlth   +.........              (no amulet)
HPRegen 0.90/turn               d - ring of magical power
MPRegen 0.16/turn               (no ring)

@: grasped by roots, constricted
A: fangs 2, regeneration 1, magic shield, antimagic bite, no potion heal 2
a: no special abilities


You were on level 3 of the Dungeon.
You visited 1 branch of the dungeon, and saw 6 of its levels.

You collected 177 gold pieces.

Inventory:

Hand Weapons
 a - a +1 dagger (weapon)
Armour
 h - a +0 scale mail (worn)
   (You found it on level 2 of the Dungeon)
Jewellery
 d - a ring of magical power (left hand)
   (You found it on level 1 of the Dungeon)
 n - a ring of protection from fire
   (You found it on level 5 of the Dungeon)
Wands
 u - a wand of paralysis (5)
   (You found it on level 6 of the Dungeon)
Scrolls
 b - a scroll of enchant weapon {unknown}
 f - a scroll of blinking {unknown}
 g - 2 scrolls of fog {unknown}
 i - a scroll of immolation {unknown}
 j - a scroll of enchant armour {unknown}
 l - 2 scrolls of amnesia {unknown}
 p - a scroll of vulnerability {unknown}
Potions
 c - 2 potions of invisibility
 e - a potion of flight {unknown}
 k - a potion of curing {unknown}
 m - a potion of cancellation {unknown}
 o - a potion of attraction {unknown}


   Skills:
 + Level 3.2 Fighting
 - Level 0.8 Short Blades
 - Level 1.5 Dodging
 - Level 3.6 Stealth
 * Level 5.3 Unarmed Combat
 - Level 2.1 Spellcasting
 - Level 3.0 Hexes


You had 9 spell levels left.
You didn't know any spells.
Your spell library contained the following spells:

 Spells                   Type           Power      Damage    Failure   Level
 Ensorcelled Hibernation  Hex/Ice        12%        N/A       69%         2
 Confusing Touch          Hex            10%        N/A       71%         3
 Tukima's Dance           Hex            10%        N/A       71%         3
 Freeze                   Ice            4%         1d3       77%         1
 Dazzling Flash           Conj/Hex       12%        N/A       89%         3
 Frozen Ramparts          Ice            2%         1d8       98%         3
 Gell's Gravitas          Tloc           1%         N/A       98%         3
 Ignite Poison            Fire/Tmut/Pois 1%         N/A       98%         3
 Lesser Beckoning         Tloc           1%         N/A       98%         3
 Mephitic Cloud           Conj/Pois/Air  1%         N/A       98%         3
 Teleport Other           Tloc           1%         N/A       98%         3
 Hailstorm                Conj/Ice       1%         3d3       100%        4
 Ice Form                 Ice/Tmut       1%         N/A       100%        4
 Passage of Golubria      Tloc           1%         N/A       100%        4
 Freezing Cloud           Conj/Ice/Air   0%         6-21      100%        5
 Yara's Violent Unravell  Hex/Tmut       3%         3d4       100%        5
 Simulacrum               Ice/Necr       0%         N/A       100%        6


Dungeon Overview and Level Annotations

Branches:
Dungeon (6/15)
 Temple: D:4-7

Altars:
Gozag

Annotations:
D:3 Natasha
D:4 Eustachio
D:5 Dowan, Duvessa


Innate Abilities, Weirdness & Mutations

You have extremely sharp teeth.
Your natural rate of healing is unusually fast.
When hurt, damage is shared between your health and your magic reserves.
Your bite disrupts and absorbs the magic of your enemies.
Potions cannot restore your health.


Message History

The puff of frost hits you! The white imp gestures at you.
The puff of frost hits you. The white imp gestures at you.
The puff of frost hits you!
* * * LOW HITPOINT WARNING * * *
An orc comes into view. It is wielding a +0 mace.
The orc shouts!
An orc comes into view.
It is wielding a +0 short sword of draining.
The white imp gestures at you. The puff of frost hits you.
* * * LOW HITPOINT WARNING * * *
Natasha extends her claws.
The white imp gestures at you. The puff of frost hits you.
* * * LOW HITPOINT WARNING * * *
You barely miss the white imp.
The white imp hits you but does no damage.
Natasha zaps a wand.
The roots erupt in riotous growth!
The white imp is unaffected.
The grasping roots grab you!
Natasha is unaffected.
The grasping roots constrict you!
* * * LOW HITPOINT WARNING * * *
You hear a shout! x2
You hit the white imp but do no damage. Your punch misses the white imp.
Your bite misses the white imp.
You hear a shout!
The white imp gestures at you. The puff of frost hits you.
* * * LOW HITPOINT WARNING * * *
Natasha mewls in sadness.
Natasha casts a spell.
The grasping roots constrict you.
* * * LOW HITPOINT WARNING * * *
Unknown command.
Unknown command.
You hit the white imp. The white imp hits you.
* * * LOW HITPOINT WARNING * * *
The white imp freezes you.
* * * LOW HITPOINT WARNING * * *
The grasping roots constrict you.
* * * LOW HITPOINT WARNING * * *
You completely miss the white imp. You bite the white imp.
The white imp's magic leaks into the air.
You drain its magic.
The white imp hits you but does no damage.
The grasping roots constrict you.
You die...

###########
#....o.o...
#o#.....###
#@#.....#
#5#.....#
#h#.....#
#5#######
#5# #.# #.#
. #)# ...
#.####....


You could see Natasha, 2 white imps, a shadow imp (summoned) and an orc.

Vanquished Creatures
  A phantom (D:5)
  A centaur (D:5)
  A kobold brigand (D:6)
  Natasha (D:3)
  2 iguanas
  3 adders
  A shadow imp (D:6)
  A worm (D:2)
  2 dart slugs
  3 orcs (D:5)
  6 endoplasms
  2 giant cockroaches (D:1)
  4 goblins
  5 hobgoblins
  8 kobolds
  2 quokkas
  4 ball pythons
  A bat (D:1)
  4 frilled lizards (D:1)
  3 rats
55 creatures vanquished.

Notes
Turn   | Place    | Note
-------+----------+-------------------------------------------
     0 | D:1      | vurker the Vine Stalker Enchanter began the quest for the
                  | Orb.
     0 | D:1      | Reached XP level 1. HP: 9/9 MP: 4/4
   349 | D:1      | Reached skill level 1 in Unarmed Combat
   359 | D:1      | Reached XP level 2. HP: 5/14 MP: 3/6
   739 | D:1      | Found a faded altar of an unknown god.
   870 | D:1      | Reached skill level 1 in Fighting
   940 | D:1      | Reached skill level 2 in Unarmed Combat
   945 | D:1      | Reached XP level 3. HP: 11/18 MP: 7/7
  2670 | D:3      | Noticed Natasha
  2682 | D:3      | Killed Natasha
  2683 | D:3      | Reached skill level 3 in Unarmed Combat
  2683 | D:3      | Gained mutation: Your natural rate of healing is unusually
                  | fast. [Vine Stalker growth]
  2683 | D:3      | Reached XP level 4. HP: 12/23 MP: 8/8
  2732 | D:3      | You fall into a shaft and drop 3 floors!
  2759 | D:5      | Entered Level 5 of the Dungeon
  2947 | D:5      | Noticed a centaur
  2958 | D:5      | Killed a centaur
  2959 | D:5      | Reached skill level 4 in Unarmed Combat
  2959 | D:5      | Reached XP level 5. HP: 27/27 MP: 9/9
  2965 | D:5      | Noticed a phantom
  3009 | D:5      | Killed a phantom
  3010 | D:5      | Reached XP level 6. HP: 32/32 MP: 10/10
  3035 | D:5      | Noticed Duvessa
  3035 | D:5      | Noticed Dowan
  3095 | D:6      | Found an opulent altar of Gozag.
  3188 | D:6      | Reached skill level 5 in Unarmed Combat
  3342 | D:4      | Noticed Eustachio
  3458 | D:3      | Noticed Natasha
  3497 | D:3      | HP: 1/32 [constriction (1)]
  3498 | D:3      | Constricted to death by Natasha

Illustrated notes

Levels and vault maps discovered:
D:1:      wander_arrival_chamber, layout_loops_ring,
          shapermc_ecumenical_altar_petra, hangedman_abyss_or_decor_lesser_grid
D:2:      layout_basic
D:3:      layout_basic, uniq_crazy_yiuf_cottage, uniq_natasha
D:4:      layout_cave_pools, temple_doors_e, uniq_eustachio
D:5:      layout_basic, grunt_temple_overflow_diamond, uniq_duvessa
D:6:      layout_loops_cross, lemuel_zombie_altar_kikubaaqudgha,
          kennysheep_little_box

Skill      XL: |  1  2  3  4  5  6 |
---------------+-------------------+-----
Unarmed Combat | 1 2 3 4 5 |  5.3
Fighting       | 1 2 3 |  3.2
Short Blades   | |  0.8
Dodging        | |  1.5
Stealth        | |  3.6
Spellcasting   | |  2.1
Hexes          | |  3.0

Action                   |  1- 3 |  4- 6 || total
-------------------------+-------+-------++-------
Melee: Dagger            |   114 |   123 ||   237
       Bite              |    24 |    39 ||    63
       Punch             |     3 |     5 ||     8
Evoke: Wand              |       |     2 ||     2
 Stab: Sleeping          |     4 |       ||     4
       Paralysed         |       |     5 ||     5
Armor: Robe              |    11 |       ||    11
       Scale mail        |     3 |    40 ||    43
Dodge: Dodged            |    46 |    57 ||   103

Table legend: (Time is in decaauts)
 A = Elapsed time spent in this place.
 B = Non-inter-level travel time spent in this place.
 C = Inter-level travel time spent in this place.
 D = Time resting spent in this place.
 E = Time spent auto-exploring this place.
 F = Levels seen in this place.
 G = Mean time per level.
                   A        B        C        D        E       F      G
               +--------+--------+--------+--------+--------+-----+--------+
         Total |   3500 |   3444 |     56 |    178 |   2566 |   6 |  583.3 |
       Dungeon |   3500 |   3444 |     56 |    178 |   2566 |   6 |  583.3 |
               +--------+--------+--------+--------+--------+-----+--------+

Top non-repeatable levels by time:
     D:1: 1575 daAuts
     D:2: 939 daAuts
     D:5: 391 daAuts
     D:3: 266 daAuts
     D:6: 192 daAuts
     D:4: 134 daAuts
